 Dungeon Crawl Stone Soup version 0.29-a0-802-g34511f41fd (webtiles) character file.

Game seed: 6604852068837896763

18 tsouns the Ducker (level 2, -3/15 HPs)
             Began as a Spriggan Gladiator on July 4, 2022.
             Slain by a quokka (4 damage)
             ... on level 1 of the Dungeon.
             The game lasted 00:00:49 (678 turns).

tsouns the Ducker (Spriggan Gladiator)               Turns: 678, Time: 00:00:50

Health: -3/15      AC:  2    Str: 10    XL:     2   Next: 48%
Magic:  3/3        EV: 18    Int:  9    God:
Gold:   13         SH:  0    Dex: 16    Spells: 1/1 levels left

rFire   . . .      SeeInvis +   a - +0 rapier
rCold   . . .      Faith    .   (no shield)
rNeg    . . .      Spirit   .   b - +0 robe
rPois   .          Reflect  .   c - +0 hat
rElec   .          Harm     .   (no cloak)
rCorr   .          Rampage  .   (gloves unavailable)
Will    .....                   (boots unavailable)
Stlth   +.........              (no amulet)
HPRegen 0.05/turn               (no ring)
MPRegen 0.08/turn               (no ring)

@: very quick
A: very small, no large weapons, unfitting armour, see invisible, speed 3
a: no special abilities


You were on level 1 of the Dungeon.
You visited 1 branch of the dungeon, and saw 1 of its levels.

You collected 13 gold pieces.

Inventory:

Hand Weapons
 a - a +0 rapier (weapon)
 j - a +0 spear of venom
Missiles
 d - 3 throwing nets (quivered)
 e - 2 boomerangs
Armour
 b - a +0 robe (worn)
 c - a +0 hat (worn)
Scrolls
 g - a scroll of fog {unknown}
 k - a scroll of identify {unknown}
Potions
 f - a potion of brilliance {unknown}
 h - a potion of attraction {unknown}
 i - a potion of berserk rage {unknown}


   Skills:
 + Level 1.9 Fighting
 + Level 3.5 Short Blades
 + Level 2.3 Throwing
 + Level 4.3 Dodging


You had one spell level left.
You didn't know any spells.
Your spell library contained the following spells:

 Spells                   Type           Power      Damage    Failure   Level
 Ozocubu's Armour         Ice            0%         N/A       77%         3
 Ozocubu's Refrigeration  Ice            0%         4d5       100%        7


Dungeon Overview and Level Annotations

Branches:
Dungeon (1/15)

Altars:


Innate Abilities, Weirdness & Mutations

You are very small and have problems with some larger weapons.
You are too small for most types of armour.
You have supernaturally acute eyesight. (SInv)
You cover ground extremely quickly. (Speed+++)


Message History

There is a stone staircase leading down here.
A quokka comes into view.
A quokka is nearby!
A dart slug comes into view.
A quokka comes into view.
The dart slug launches a dart at you. The slug dart misses you.
You closely miss the quokka. The quokka bites you. x2
You puncture the quokka!
You kill the quokka!
The dart slug launches a dart at you. The slug dart hits you.
You see here a quokka corpse.
You hit the dart slug.
The dart slug is heavily wounded.
You hit the dart slug.
The dart slug is severely wounded.
The dart slug bites you.
You puncture the dart slug!
You kill the dart slug!
You see here a dart slug corpse.
You barely miss the quokka.
The quokka bites you but does no damage.
You closely miss the quokka. The quokka misses you. x2
You barely miss the quokka. The quokka bites you.
* * * LOW HITPOINT WARNING * * *
You hit the quokka.
The quokka is heavily wounded.
The quokka barely misses you.
You barely miss the quokka.
The quokka is heavily wounded.
The quokka bites you.
* * * LOW HITPOINT WARNING * * *
You barely miss the quokka.
The quokka is heavily wounded.
The quokka closely misses you.
You hit the quokka but do no damage.
The quokka is heavily wounded.
The quokka barely misses you. The quokka bites you.
You die...

######## #......#
#......# #.††...# #####
#####..@...###
....######.......r......
................##......
..#.######......# ......
#.#.# ####...# ......
#.#.# ##..# ######
###.#### ##.##
......(########..#####
..............>......#


You could see a quokka.

Vanquished Creatures
  A dart slug (D:1)
  2 giant cockroaches (D:1)
  A goblin (D:1)
  A hobgoblin (D:1)
  4 jackals (D:1)
  A quokka (D:1)
  A ball python (D:1)
  A frilled lizard (D:1)
  A kobold (D:1)
  A rat (D:1)
14 creatures vanquished.

Notes
Turn   | Place    | Note
-------+----------+-------------------------------------------
     0 | D:1      | tsouns the Spriggan Gladiator began the quest for the Orb.
     0 | D:1      | Reached XP level 1. HP: 10/10 MP: 2/2
   400 | D:1      | Reached XP level 2. HP: 15/15 MP: 3/3
   678 | D:1      | Slain by a quokka

Illustrated notes

Levels and vault maps discovered:
D:1:      dpeg_arrival_snail, layout_basic, kennysheep_doodads

Action                   || total
-------------------------++-------
Melee: Rapier            ||    54
Armor: Robe              ||     4
Dodge: Dodged            ||    40

Table legend: (Time is in decaauts)
 A = Elapsed time spent in this place.
 B = Non-inter-level travel time spent in this place.
 C = Inter-level travel time spent in this place.
 D = Time resting spent in this place.
 E = Time spent auto-exploring this place.
 F = Levels seen in this place.
 G = Mean time per level.
                   A        B        C        D        E       F      G
               +--------+--------+--------+--------+--------+-----+--------+
         Total |    581 |    581 |      0 |      0 |    477 |   1 |  581.0 |
       Dungeon |    581 |    581 |      0 |      0 |    477 |   1 |  581.0 |
               +--------+--------+--------+--------+--------+-----+--------+

Top non-repeatable levels by time:
     D:1: 581 daAuts
